Map: Waterfall

Players

Seither

  • Race: Terran Terran
  • Spawn Location: 7:00

RiSky - Winner!

  • Race: Zerg Zerg
  • Spawn Location: 1:00

Event: DreamHack SC2 Masters 2022 Atlanta (Online)

VOD

Have the link to the VOD?

Description

Time

  • Played on: Sept. 29, 2022, 5:29 a.m.
  • Length: 17:02

All games in this series

Show
View Real Time Build Order
Export as new Build Order

Seither Terran 

Build Orders: Reaper Expand 

Get SALT Encoding   

  12  0:00  SCV  
  13  0:12  SCV  
  14  0:17  Supply Depot  
  14  0:24  SCV  
  15  0:38  SCV  
  15  0:40  Barracks  
  16  0:44  Refinery  
  16  0:50  SCV  
  17  1:02  SCV  
  18  1:15  SCV  
  19  1:27  Reaper, Orbital Command  
  20  1:42  Command Center  
  20  1:50  Supply Depot  
  20  1:53  SCV  
  21  1:59  Marine  
  22  2:05  SCV  
  23  2:14  Factory  
  23  2:18  SCV  
  24  2:23  Barracks Reactor  
  24  2:30  SCV  
  25  2:42  SCV  
  26  2:48  Command Center  
  26  2:55  SCV  
  26  3:01  Starport  
  25  3:10  SCV  
  26  3:14  Refinery  
  26  3:15  Orbital Command  
  26  3:25  Hellion x2  
  30  3:27  SCV  
  30  3:28  Barracks Tech Lab  
  31  3:38  Bunker  
  31  3:40  Viking  
  33  3:48  Marauder  
  35  3:54  Hellion  
  35  4:10  Hellion  
  36  4:17  Marauder  
  32  4:32  Hellion  
  31  4:41  Orbital Command  
  30  4:45  SCV  
  30  4:46  SCV  
  30  4:52  Stimpack, Marine  
  33  4:58  SCV x2  
  35  5:05  Barracks  
  35  5:07  Barracks  
  35  5:09  SCV  
  35  5:10  SCV x2  
  35  5:13  Marine  
  39  5:19  Starport Reactor, Factory Reactor  
  39  5:21  SCV  
  39  5:23  SCV x2  
  39  5:27  Supply Depot  
  42  5:31  Marine  
  42  5:33  SCV  
  42  5:35  SCV x2  
  46  5:45  Engineering Bay x2, SCV  
  46  5:47  SCV  
  48  5:52  Supply Depot  
  48  5:59  SCV x2  
  48  6:00  SCV  
  48  6:03  Factory Tech Lab  
  51  6:04  Marine  
  51  6:05  Marine x2  
  51  6:07  Starport Reactor  
  54  6:11  SCV  
  54  6:12  SCV  
  52  6:23  Terran Infantry Weapons Level 1  
  52  6:24  Refinery, Terran Infantry Armor Level 1  
  52  6:25  Refinery, Marine x2  
  48  6:26  Marine x2  
  48  6:30  Supply Depot  
  48  6:31  SCV  
  48  6:32  SCV  
  54  6:44  Combat Shield, Marine x2  
  54  6:46  Siege Tank  
  59  6:47  SCV  
  59  6:48  SCV x2  
  62  6:58  Medivac  
  62  6:59  SCV  
  62  7:00  Supply Depot, SCV x2  
  66  7:06  Medivac  
  66  7:08  Marine x5  
  71  7:12  SCV x3  
  76  7:20  Barracks  
  76  7:22  Barracks, Siege Tank  
  79  7:25  Supply Depot, Orbital Command  
  79  7:34  Marine x3  
  79  7:35  SCV x2  
  82  7:44  Medivac  
  82  7:45  Medivac  
  82  7:47  SCV x2  
  82  7:48  Supply Depot  
  88  7:51  Armory  
  88  7:53  Supply Depot  
  88  7:58  SCV  
  89  7:59  SCV  
  89  8:00  Siege Tank, Marine x3  
  89  8:01  Marine x2  
  89  8:04  SCV  
  99  8:09  Barracks Reactor  
  99  8:10  Barracks Reactor, SCV, Supply Depot  
  99  8:11  SCV  
  101  8:14  Refinery  
  101  8:16  SCV  
  101  8:18  Marine x2  
  104  8:22  SCV  
  105  8:27  Medivac x2  
  109  8:37  Marine x5  
  106  8:46  Missile Turret  
  106  8:47  Missile Turret, Marine  
  106  8:48  Marine x3  
  107  8:54  Marine  
  107  8:58  Missile Turret  
  105  9:08  Marine x4  
  105  9:09  Missile Turret, Medivac, Siege Tank  
  109  9:15  SCV x2  
  109  9:16  SCV  
  111  9:25  Marine x2  
  111  9:28  SCV x3  
  114  9:38  Barracks  
  114  9:39  Marine x7  
  114  9:40  SCV x2  
  114  9:42  Barracks, Missile Turret  
  114  9:43  Barracks, Marine x2  
  125  9:52  Supply Depot x2  
  125  9:53  Supply Depot  
  125  10:01  Medivac  
  124  10:11  Medivac  
  125  10:15  SCV  
  125  10:16  Supply Depot, Marine x4  
  125  10:17  Supply Depot, SCV, Siege Tank, Marine x2  
  134  10:24  SCV  
  134  10:27  SCV, Marine x4  
  139  10:29  SCV, Terran Infantry Weapons Level 2  
  139  10:31  Supply Depot, Medivac  
  139  10:34  Marine x4  
  146  10:36  Marine  
  146  10:37  Marine  
  146  10:38  Marine x2  
  150  10:44  Marine  
  151  10:52  Siege Tank, Marine x3  
  151  10:53  Marine x4  
  151  10:54  Marine x2  
  151  10:56  Supply Depot, Marine  
  164  10:59  Terran Infantry Armor Level 2  
  164  11:06  SCV x2  
  164  11:07  Supply Depot, Marine x2  
  164  11:10  Marine  
  169  11:24  Marine x2  
  169  11:25  Marine x9  
  177  11:28  Siege Tank, Marine  
  184  11:32  Supply Depot  
  184  11:48  Marine x4  
  188  11:59  Marine x8  
  188  12:00  Siege Tank  
  199  12:06  Marine x4  
  190  12:12  Medivac x2  
  190  12:14  Terran Vehicle Weapons Level 1  
  194  12:17  Marine x4  
  197  12:29  Marine x4  
  149  12:41  Marine x4  
  149  12:42  Medivac x2  
  157  12:45  Siege Tank, Marine x4  
  157  12:47  Marine x3  
  157  12:51  Marine  
  167  12:59  Marine x4  
  167  13:03  Marine x2  
  164  13:12  Medivac x2  
  134  13:14  Marine x6  
  134  13:17  Siege Tank, Marine x4  
  147  13:24  Marine  
  147  13:25  Marine  
  149  13:31  Marine  
  149  13:32  Marine  
  151  13:36  Marine x3  
  154  13:41  Liberator  
  154  13:42  Liberator  
  154  13:45  Marine x5  
  165  13:49  Siege Tank  
  165  13:51  Marine x2  
  170  13:58  Orbital Command  
  170  14:03  Marine x2  
  170  14:09  Marine x6  
  177  14:10  Marine x2  
  179  14:18  Marine x2  
  178  14:24  Liberator  
  181  14:36  Liberator  
  181  14:37  Marine x4  
  180  14:57  Siege Tank, Marine x8  
  183  15:07  Liberator, Marine x4  
  186  15:14  Marine  
  186  15:15  Marine  
  186  15:20  Marine x4  
  175  15:29  Siege Tank, Orbital Command  
  175  15:33  Marine x4  
  175  15:35  Marine x4  
  168  15:38  Marine  
  155  16:14  Marine x6  
  146  16:29  Marine x6  
  158  16:35  Marine x2  
Show
View Real Time Build Order
Export as new Build Order

RiSky Zerg - Winner!

Build Orders: Hatch First 

Get SALT Encoding   

  12  0:00  Drone  
  13  0:15  Overlord  
  13  0:17  Drone  
  14  0:33  Drone  
  14  0:34  Drone  
  16  0:48  Hatchery  
  15  0:52  Drone  
  15  0:55  Drone  
  17  0:59  Drone  
  18  1:10  Extractor  
  17  1:14  Spawning Pool  
  17  1:18  Drone  
  17  1:21  Drone  
  18  1:30  Drone  
  19  1:41  Drone  
  20  1:52  Drone  
  21  2:02  Zergling x4, Queen  
  25  2:15  Roach Warren  
  24  2:16  Overlord  
  24  2:21  Extractor  
  23  2:34  Zergling x2  
  23  2:56  Roach x5  
  23  2:58  Roach  
  35  2:59  Hatchery  
  34  3:17  Drone x2  
  35  3:22  Overlord  
  35  3:29  Drone  
  36  3:38  Overlord  
  36  3:42  Drone x2  
  36  3:43  Drone x2  
  40  3:49  Overlord  
  40  3:53  Drone  
  41  4:00  Drone  
  43  4:02  Drone  
  43  4:06  Drone  
  43  4:07  Drone  
  43  4:08  Ravager  
  46  4:10  Drone  
  46  4:13  Overlord  
  46  4:14  Drone  
  46  4:16  Ravager  
  49  4:20  Ravager  
  49  4:21  Drone x3  
  49  4:24  Drone, Ravager  
  50  4:30  Drone  
  50  4:36  Drone  
  50  4:37  Queen, Drone  
  49  4:41  Queen x2  
  47  4:47  Roach x2  
  47  4:51  Extractor  
  47  4:52  Extractor  
  49  4:53  Roach x2  
  49  4:56  Drone x2  
  49  4:59  Drone x2  
  57  5:06  Drone  
  58  5:08  Drone  
  58  5:09  Drone  
  58  5:14  Drone  
  61  5:17  Queen  
  65  5:21  Overlord  
  65  5:28  Overlord  
  65  5:29  Lair  
  63  5:39  Overlord  
  63  5:41  Drone x3  
  66  5:43  Overlord  
  66  5:46  Drone x2  
  66  5:49  Overlord  
  68  5:51  Overlord  
  68  5:56  Overlord x2  
  68  5:57  Queen  
  68  5:59  Drone x2  
  68  6:00  Drone x2  
  68  6:02  Drone  
  68  6:03  Drone x2  
  77  6:06  Drone x2  
  77  6:19  Drone  
  77  6:22  Drone x3  
  77  6:24  Queen  
  80  6:28  Drone, Spire  
  80  6:29  Drone  
  80  6:31  Drone x3  
  84  6:36  Drone x2, Extractor  
  84  6:37  Extractor x2  
  83  6:44  Drone x5  
  88  6:47  Drone  
  88  6:48  Drone x2  
  91  6:56  Drone  
  91  6:57  Drone x2  
  91  6:58  Drone  
  95  7:06  Evolution Chamber x2  
  93  7:10  Overlord  
  93  7:13  Drone  
  94  7:16  Metabolic Boost  
  94  7:18  Zergling x4  
  94  7:19  Zergling x10  
  101  7:23  Hatchery  
  101  7:26  Overlord  
  101  7:29  Overlord  
  100  7:36  Zerg Melee Weapons Level 1  
  100  7:41  Mutalisk x9  
  100  7:43  Mutalisk  
  120  7:46  Overlord  
  120  7:49  Overlord  
  120  7:54  Zerg Ground Armor Level 1  
  120  7:55  Baneling Nest  
  118  7:59  Zergling x6  
  118  8:04  Zergling x2  
  122  8:10  Overlord  
  122  8:13  Zergling x18  
  122  8:18  Zerg Flyer Weapons Level 1  
  122  8:19  Zergling x2  
  132  8:25  Zergling x4  
  134  8:29  Zergling x2  
  127  8:39  Zergling x14  
  126  8:44  Roach x2  
  126  8:45  Roach  
  126  8:47  Centrifugal Hooks  
  130  8:49  Roach x6  
  130  8:53  Roach  
  144  8:59  Roach  
  144  9:00  Roach  
  148  9:08  Roach x3  
  154  9:11  Zergling x6  
  157  9:17  Drone x4  
  157  9:21  Drone  
  157  9:22  Drone  
  162  9:24  Drone x2  
  162  9:26  Hatchery  
  162  9:28  Drone  
  162  9:29  Pneumatized Carapace  
  162  9:30  Drone x3  
  162  9:31  Overseer  
  166  9:35  Drone x2  
  168  9:40  Overlord x3  
  168  9:41  Zerg Melee Weapons Level 2  
  168  9:45  Glial Reconstitution  
  168  9:47  Overlord  
  168  9:51  Spore Crawler  
  168  9:52  Overlord x2  
  167  9:58  Zergling x2  
  168  10:02  Overlord  
  168  10:08  Zergling x16  
  168  10:12  Zergling x2  
  177  10:17  Zergling x4  
  179  10:27  Zerg Ground Armor Level 2  
  177  10:32  Zergling x10  
  177  10:33  Zergling x10  
  177  10:34  Ravager  
  177  10:35  Ravager x12  
  199  10:49  Baneling x6  
  199  10:50  Baneling x12  
  199  11:11  Extractor x2  
  199  11:13  Infestation Pit  
  194  11:26  Drone x5  
  199  11:36  Hatchery  
  198  11:50  Mutalisk  
  197  12:00  Hive  
  197  12:08  Hatchery  
  185  12:10  Zergling x38  
  172  12:33  Zergling x40, Extractor  
  172  12:35  Zergling x2  
  177  12:37  Extractor  
  177  12:40  Baneling x14  
  177  12:42  Zergling x4  
  169  12:45  Baneling x16  
  169  12:47  Zergling x16  
  176  12:52  Queen x2  
  176  12:53  Queen  
  176  12:56  Overseer  
  176  12:58  Zergling x12  
  188  13:01  Drone  
  175  13:09  Zergling x8  
  138  13:14  Zergling x2  
  138  13:15  Zergling x6  
  138  13:16  Baneling x29  
  138  13:17  Baneling  
  142  13:21  Roach x3  
  142  13:22  Roach x4  
  142  13:24  Zerg Ground Armor Level 3, Zerg Melee Weapons Level 3  
  142  13:25  Zergling x2  
  157  13:28  Zergling x6  
  157  13:33  Zergling x6  
  153  13:38  Zergling x4  
  153  13:39  Zergling x2, Hatchery  
  153  13:41  Zergling x6  
  158  13:45  Zergling x6  
  160  13:50  Zergling x6  
  160  13:55  Zergling x10  
  164  13:56  Zergling x2  
  164  13:58  Adrenal Glands  
  164  13:59  Zergling x6  
  169  14:09  Zergling x14  
  169  14:10  Zergling x4  
  169  14:13  Zergling x6  
  169  14:20  Zergling x6  
  169  14:21  Zergling x4  
  171  14:24  Zergling x6  
  171  14:25  Zergling x4  
  175  14:33  Zergling x4  
  175  14:34  Zergling x6  
  175  14:37  Zergling x2  
  175  14:38  Zergling x12, Ultralisk Cavern  
  186  14:41  Zergling x2  
  183  14:47  Zergling x8  
  183  14:49  Ravager x5  
  183  14:50  Ravager x2  
  181  14:54  Zergling x8, Hatchery  
  181  14:58  Zergling x8  
  181  15:04  Roach x2  
  181  15:05  Roach x2  
  183  15:09  Zergling x12  
  171  15:24  Zergling x16  
  171  15:25  Zergling x4  
  171  15:26  Chitinous Plating  
  180  15:31  Ultralisk x2  
  180  15:35  Baneling x21  
  183  15:39  Zergling x6  
  183  15:40  Zergling x12  
  183  15:43  Zergling x2  
  183  15:49  Zergling x4  
  179  15:52  Extractor  
  179  15:53  Queen  
  179  15:56  Zergling x6  
  183  16:00  Ultralisk  
  183  16:01  Ultralisk  
  194  16:06  Zergling x2  
  194  16:07  Zergling x10  
  193  16:13  Roach x2  
  193  16:17  Roach  
  199  16:31  Zergling x2  
  199  16:32  Zergling x10  
  199  16:37  Zergling x10  
  199  16:38  Zergling x6  
Tags
 
Add a new tag
Caveats
  • Supply blocks, unpowered buildings, or Contaminate may cause inaccurate times.
  • Supply counts are checked every 10 seconds.